 Dungeon Crawl Stone Soup version 0.24-a0-616-ge2a249a (webtiles) character file.

Game seed: 12136700114275743937, levelgen mode: deterministic

9 BoppinsLewinski the Poker (level 2, 0/21 HPs)
             Began as a Centaur Gladiator on Sept 15, 2019.
             Slain by a leopard gecko (1 damage)
             ... on level 1 of the Dungeon.
             The game lasted 00:01:08 (102 turns).

BoppinsLewinski the Poker (Centaur Gladiator)        Turns: 102, Time: 00:01:08

Health: 0/21       AC:  5    Str: 15 (16) XL:     2   Next: 6%
Magic:  2/2        EV: 10    Int:  6 (7)  God:
Gold:   22         SH:  0    Dex:  9 (10) Spells: 1/1 levels left

rFire    . . .     SeeInvis .   a - +0 trident
rCold    . . .     Gourm    .   (no shield)
rNeg     . . .     Faith    .   b - +0 leather armour
rPois    .         Spirit   .   c - +0 helmet
rElec    .         Reflect  .   (no cloak)
rCorr    .         Harm     .   (no gloves)
MR       .....                  (no barding)
Stlth    ..........             (no amulet)
HPRegen  0.07/turn              (no ring)
MPRegen  0.08/turn              (no ring)

@: very quick
A: large, hooves 3, deformed body, speed 2, frail 1, mutation resistance 1,
tough skin 3
a: no special abilities


You were on level 1 of the Dungeon.
You were not hungry.

You visited 1 branch of the dungeon, and saw 1 of its levels.

You collected 22 gold pieces.

Inventory:

Hand Weapons
 a - a +0 trident (weapon)
Missiles
 d - 3 throwing nets (quivered)
Armour
 b - a +0 leather armour (worn)
 c - a +0 helmet (worn)
Comestibles
 f - a ration


   Skills:
 + Level 2.1 Fighting
 * Level 2.9 Polearms
 - Level 2.1 Throwing
 + Level 0.2 Armour
 + Level 2.2 Dodging


You had one spell level left.
You didn't know any spells.
Your spell library was empty.

Dungeon Overview and Level Annotations

Branches:
Dungeon (1/15)

Altars:


Innate Abilities, Weirdness & Mutations

You have hooves in place of feet.
Armour fits poorly on your strangely shaped body.
You cover ground very quickly.
You have extremely tough skin. (AC +3)
You are frail. (-10% HP)
You are somewhat resistant to further mutation.


Message History

Tha leopard gecko bites ye.
* * * LOW HITPOINT WARNIN'
* * * Unknown command.
Ye closely miss tha leopard gecko.
Tha leopard gecko be almost dead.
Tha leopard gecko bites ye but does nay damage.
Tha leopard gecko bites ye.
* * * LOW HITPOINT WARNIN'
* * * Unknown command.
It was a potion o' mutation.
Ye feel 'stremely strange.
Ye feel frail.
Ye feel genetic'lly st'ble.
Tha leopard gecko barely misses ye.
It was a potion o' degeneration.
Thar was somethin' very wrong wit tha liquid.
Ye feel weaken'd.
Ye feel dopey.
Ye feel clumsy.
Tha leopard gecko bites ye.
* * * LOW HITPOINT WARNIN'
* * * Tha leopard gecko misses ye.
Tha leopard gecko bites ye.
Ye die...

#.#.....#.........######..#.
#.#.....#.).................
#.#.......#..[..............
#.........#.................
#.........#.................
#.........#......#..........
...........#......#..........
...........#.(...............
.........##@.........#......
.........l#....#...........
##.....l#....#........#..
#.###......+....+........###
#..........#....#.........
#.###......#....####......
......#.##....# .#...
#.###.#.#.##....# #.#.#.#


You could see a leopard gecko and a frilled lizard.

Vanquished Creatures
  2 goblins (D:1)
  A hobgoblin (D:1)
  2 bats (D:1)
  A frilled lizard (D:1)
  3 kobolds (D:1)
  A rat (D:1)
10 creatures vanquished.

Notes
Turn   | Place    | Note
-------+----------+-------------------------------------------
     0 | D:1      | BoppinsLewinski the Centaur Gladiator began the quest for
                  | the Orb.
     0 | D:1      | Reached XP level 1. HP: 17/17 MP: 1/1
    53 | D:1      | Reached XP level 2. HP: 15/24 MP: 2/2
    99 | D:1      | Gained mutation: You are frail. (-10% HP) [potion of
                  | mutation]
    99 | D:1      | Gained mutation: You are somewhat resistant to further
                  | mutation. [potion of mutation]
   100 | D:1      | HP: 1/21 [leopard gecko (1)]
   102 | D:1      | Slain by a leopard gecko

Levels and vault maps discovered:
D:1:      mrwooster_arrival_statue, layout_basic, interstate_on_off

Action                   || total
-------------------------++-------
Melee: Trident           ||    36
       Kick              ||     4
  Use: Potion            ||     2
Armor: Leather armour    ||    18
Dodge: Dodged            ||    22

Table legend:
 A = Non-vault XP
 B = Vault XP
 C = Vault XP percentage of total XP
 D = Non-vault monster count
 E = Vault monster count
 F = Vault count percentage of total count
                 A         B        C        D         E       F
            +---------+---------+-------+---------+---------+-------
      Total |      14 |       0 |   0.0 |      10 |       0 |   0.0
            +---------+---------+-------+---------+---------+-------
        D:1 |      14 |       0 |   0.0 |      10 |       0 |   0.0
            +---------+---------+-------+---------+---------+-------
